 Dungeon Crawl Stone Soup version 0.20.1-1-g8b1a95d (webtiles) character file.

3226 nightbobicus the Protected (level 9, -1/83 HPs)
             Began as a Hill Orc Fighter on Aug 10, 2017.
             Was a Priest of Beogh.
             Slain by a two-headed ogre
             ... wielding a +0 giant club
              (16 damage)
             ... on level 8 of the Dungeon.
             The game lasted 00:19:02 (7526 turns).

nightbobicus the Protected (Hill Orc Fighter)       Turns: 7526, Time: 00:19:03

Health: -1/83      AC: 19    Str: 22    XL:     9   Next: 98%
Magic:  9/9        EV:  6    Int:  8    God:    Beogh [***...]
Gold:   138        SH: 11    Dex: 10    Spells: 8/8 levels left

rFire    + . .     SeeInvis .   e - +3 mace (crush)
rCold    . . .     Gourm    .   c - +0 shield
rNeg     . . .     Faith    .   j - +2 chain mail {rF+}
rPois    .         Spirit   .   l - +0 helmet
rElec    .         Reflect  .   t - +2 cloak {MR+}
rCorr    .         Harm     .   (no gloves)
MR       +....                  o - +0 pair of boots
Stlth    ..........             r - amulet of rage
Regen    0.3/turn               (no ring)
MPRegen  0.2/turn               (no ring)

@: hasted, very quick
A: no striking features
a: Smiting, Renounce Religion, Evoke Berserk Rage


You were on level 8 of the Dungeon.
You worshipped Beogh.
Beogh was most pleased with you.
You were full.

You visited 1 branch of the dungeon, and saw 8 of its levels.

You collected 358 gold pieces.
You spent 220 gold pieces at shops.

Inventory:

Hand Weapons
 e - a +3 mace of crushing (weapon)
 s - a +3 quarterstaff of chaos
Armour
 c - a +0 shield (worn)
 j - a +2 chain mail of fire resistance (worn)
 l - a +0 helmet (worn)
 o - a +0 pair of boots (worn)
 t - a +2 cloak of magic resistance (worn)
 v - a +3 scale mail
Jewellery
 r - an amulet of rage (around neck)
 J - an uncursed ring of poison resistance
Wands
 C - a wand of polymorph (15/24)
Scrolls
 a - a scroll of identify
 h - 7 scrolls of teleportation
 i - a scroll of magic mapping
 k - 2 scrolls of remove curse {unknown}
 x - a scroll of blinking
 y - 2 scrolls of enchant armour {unknown}
 D - 3 scrolls of random uselessness {unknown}
 E - a scroll of fog
 F - a scroll of recharging {unknown}
 G - a scroll of fear {unknown}
Potions
 b - a potion of lignification {unknown}
 d - a potion of might
 g - 2 potions of heal wounds
 n - 2 potions of mutation {unknown}
 q - 2 potions of curing
 u - a potion of brilliance {unknown}
 z - a potion of haste
 A - a potion of ambrosia {unknown}
 B - 2 potions of flight {unknown}
 H - a potion of resistance
Books
 w - a book of Necromancy

   Spells                             Type                      Level
   a - Pain                           Necromancy                   1
   b - Animate Skeleton               Necromancy                   1
   c - Vampiric Draining              Necromancy                   3
   d - Regeneration                   Charms/Necromancy            3
   e - Animate Dead                   Necromancy                   4
   f - Control Undead                 Necromancy                   4
Comestibles
 f - 3 bread rations
 m - 3 fruits
 p - 2 royal jellies
 I - 3 meat rations


   Skills:
 + Level 9.0 Fighting
 + Level 7.5 Maces & Flails
 * Level 9.0 Armour
 + Level 7.6 Shields


You had 8 spell levels left.
You didn't know any spells.

Dungeon Overview and Level Annotations

Branches:
Dungeon (8/15)             Temple (0/1) D:5
   Lair: D:8-11

Altars:
Ashenzari
Cheibriados
Elyvilon
Makhleb
Okawaru
Ru

Shops:
D:4 (   D:6 *


Message History

You hit the two-headed ogre.
The two-headed ogre is almost dead.
Your shield and chain mail prevent you from hitting the two-headed ogre.
The two-headed ogre is almost dead.
You barely miss the two-headed ogre.
The two-headed ogre is almost dead.
The two-headed ogre hits you but does no damage.
The two-headed ogre closely misses you.
You barely miss the two-headed ogre.
The two-headed ogre is almost dead.
The two-headed ogre hits you with a giant club!
* * * LOW HITPOINT WARNING * * *
You block the two-headed ogre's attack.
You hit the two-headed ogre.
The two-headed ogre is almost dead.
You barely miss the two-headed ogre.
The two-headed ogre is almost dead.
The two-headed ogre hits you but does no damage.
The two-headed ogre hits you with a giant spiked club!
You die...

#.# #.#.#..#.# #.#
#.#)#..#.#
#########.###.#.#..#.# #
............#.#.#..#.# .#
######....#.#.#.#..#.###.#
.....).................>.#
####)#.#....#...#.##.#.#.#.#
####.#.#.####..............#
....)#.#.# #...@O.#.#.#.###
###..#.#.# #....#.#.#.#.#
#..#.#.####....#.#.#.# # #
#..#.#.........#.#.#.# #
#..#.#######...#.#.#.#
###..#.# #.......#.#.#..
.##..#.# #.#######.#.###
.##..#.###...........#
.##..#......######...#


You could see a two-headed ogre.

Vanquished Creatures
  Prince Ribbit (D:7)
  A hippogriff (D:7)
  A water moccasin (D:6)
  2 orc warriors
  3 ice beasts
  A phantom (D:4)
  A centaur (D:5)
  4 ogres
  A bullfrog (D:8)
  A big kobold (D:8)
  4 scorpions
  7 killer bees
  A howler monkey (D:4)
  A bullfrog zombie (D:5)
  2 crimson imps
  A centaur zombie (D:6)
  3 hounds
  A bullfrog skeleton (D:8)
  2 orc priests
  6 orc wizards
  A centaur skeleton (D:4)
  Crazy Yiuf (D:2)
  2 iguanas
  8 worker ants
  A howler monkey skeleton (D:6)
  3 gnolls (D:5)
  20 adders
  An ooze (D:3)
  3 adder skeletons
  3 worms
  3 dart slugs
  7 leopard geckos
  17 orcs
  8 bats
  3 giant cockroaches
  9 goblins
  8 hobgoblins
  7 jackals
  2 quokkas
  4 ball pythons
  8 frilled lizards
  6 kobolds
  9 rats
178 creatures vanquished.

Notes
Turn   | Place    | Note
-------+----------+-------------------------------------------
     0 | D:1      | nightbobicus the Hill Orc Fighter began the quest for the Orb.
     0 | D:1      | Reached XP level 1. HP: 19/19 MP: 1/1
   145 | D:1      | Reached XP level 2. HP: 27/27 MP: 2/2
   302 | D:1      | Reached XP level 3. HP: 31/33 MP: 3/3
   712 | D:2      | Found an iron altar of Okawaru.
   872 | D:2      | Reached XP level 4. HP: 31/40 MP: 4/4
   892 | D:2      | Found a faded altar of an unknown god.
  1444 | D:2      | Found a runed door.
  1656 | D:2      | Noticed Crazy Yiuf
  1661 | D:2      | Killed Crazy Yiuf
  1785 | D:3      | Reached XP level 5. HP: 47/47 MP: 5/5
  1880 | D:3      | Became a worshipper of Beogh the Brigand
  2890 | D:4      | Reached * piety under Beogh
  2922 | D:3      | Reached XP level 6. HP: 19/55 MP: 6/6
  3139 | D:4      | Reached skill level 5 in Fighting
  3195 | D:4      | Reached skill level 5 in Maces & Flails
  3247 | D:4      | Noticed a phantom
  3272 | D:4      | Noticed an ice beast
  3286 | D:4      | Killed an ice beast
  3286 | D:4      | Reached XP level 7. HP: 31/62 MP: 7/7
  3309 | D:5      | Entered Level 5 of the Dungeon
  3591 | D:4      | Reached skill level 5 in Shields
  3605 | D:4      | Reached skill level 5 in Armour
  3980 | D:4      | Found a sacrificial altar of Ru.
  3983 | D:4      | Found a white marble altar of Elyvilon.
  4025 | D:4      | Found Saffor's Antique Weapon Emporium.
  4150 | D:4      | Found a burning altar of Makhleb.
  4244 | D:5      | Found a staircase to the Ecumenical Temple.
  4282 | D:5      | Reached XP level 8. HP: 73/73 MP: 8/8
  4390 | D:5      | Reached ** piety under Beogh
  5396 | D:6      | Found a shattered altar of Ashenzari.
  5663 | D:6      | Reached XP level 9. HP: 53/81 MP: 9/9
  5697 | D:6      | Found Qiucku's Serpentskin Sales.
  5715 | D:6      | Bought an uncursed ring of poison resistance for 220 gold pieces
  6022 | D:7      | Found a snail-covered altar of Cheibriados.
  6590 | D:7      | Noticed Prince Ribbit
  6594 | D:7      | Killed Prince Ribbit
  7159 | D:8      | Reached *** piety under Beogh
  7506 | D:8      | Noticed a two-headed ogre
  7526 | D:8      | Slain by a two-headed ogre

Skill      XL: |  1  2  3  4  5  6  7  8  9 |
---------------+----------------------------+-----
Maces & Flails | 3 4 5 6 7 |  7.5
Fighting       | 4 5 7 9 |  9.0
Shields        | 4 5 6 7 |  7.6
Armour         | 4 5 7 9 |  9.0

Action                   |  1- 3 |  4- 6 |  7- 9 || total
-------------------------+-------+-------+-------++-------
Melee: Flail             |    14 |       |       ||    14
       Mace              |    59 |   185 |   438 ||   682
Invok: Convert to Beogh  |       |     1 |       ||     1
  Use: Scroll            |       |     7 |     8 ||    15
       Potion            |       |       |     3 ||     3
  Eat: Chunk             |       |     7 |     3 ||    10
       Bread ration      |       |       |     4 ||     4
Armor: Scale mail        |    20 |       |       ||    20
       Chain mail        |     6 |   136 |   306 ||   448
Dodge: Dodged            |    16 |    52 |   105 ||   173
Block: Shield            |    40 |   105 |   287 ||   432
